 Dungeon Crawl Stone Soup version 0.17-a0-737-gf0a300a (webtiles) character file.

77 Ololoev the Cutter (level 4, -2/26 HPs)
             Began as a Kobold Wanderer on Apr 21, 2015.
             Slain by a gnoll
             ... wielding a +0 spear
              (3 damage)
             ... on level 2 of the Dungeon.
             The game lasted 00:04:41 (1646 turns).

Ololoev the Cutter (Kobold Wanderer)                Turns: 1646, Time: 00:04:41

Health: -2/26      AC:  6    Str: 10    XL:     4   Next: 60%
Magic:  4/4        EV: 13    Int: 13    God:
Gold:   107        SH:  0    Dex: 13    Spells: 0 memorised, 3 levels left

rFire  . . .     SeeInvis .     e - +0 dagger
rCold  . . .     Clarity  .     o - +0 leather armour (curse)
rNeg   . . .     SustAb   .     (shield restricted)
rPois  .         Gourm    .     (no helmet)
rElec  .         Spirit   .     (no cloak)
rCorr  .         Warding  .     (no gloves)
rMut   .         Stasis   .     i - +2 pair of boots
MR     .....                    (no amulet)
Stlth  +++.......               (no ring)
                                (no ring)

@: not resistant to hostile enchantments, fairly stealthy
A: carnivore 3
a: no special abilities


Innate Abilities, Weirdness & Mutations

You are small and have problems with some larger weapons.
You are carnivorous and can eat meat at any time.

Inventory:

Hand weapons
 c - a +0 spear
 d - a +0 short sword
 e - a +0 dagger (weapon)
Missiles
 b - 3 throwing nets (quivered)
Armour
 i - a +2 pair of boots (worn)
 o - a cursed +0 leather armour (worn)
Jewellery
 g - an uncursed amulet of the gourmand {unknown}
Scrolls
 h - 2 scrolls of recharging {unknown}
 j - 2 scrolls of identify {unknown}
 k - 2 scrolls of blinking {unknown}
 m - a scroll of teleportation {unknown}
 n - 2 scrolls of random uselessness {unknown}
 r - a scroll of amnesia {unknown}
 t - a scroll of enchant armour {unknown}
Potions
 a - a potion of mutation {unknown}
 l - 2 potions of magic {unknown}
 p - a potion of haste {unknown}
 s - a potion of curing {unknown}
Comestibles
 f - a meat ration
 q - 4 chunks of flesh


   Skills:
 - Level 2.1 Fighting
 * Level 5.2 Short Blades
 - Level 1.0 Polearms
 + Level 2.4 Throwing
 - Level 1.2 Dodging
 - Level 4.0 Stealth
   Level 1.2 Evocations


You had 3 spell levels left.
You didn't know any spells.


You were on level 2 of the Dungeon.
You were completely stuffed.

You visited 1 branch of the dungeon, and saw 2 of its levels.

You collected 107 gold pieces.

#####..####.####.###.##
..............#)......##
.....#......#..........#
.......................#
....#..................#
.......................#
........#..####..†.....######
.......###.....#.g......#...##
.).##..###..##..@###.........####
...###..#..###..###..............
....##.....##...###...#########..
.................##...# #..
..##.........##..###..# #..
.####..._...####.# ##.# #≈.
..##.........##..# ##.# #≈≈
.................# #..# ≈≈≈≈
....##.....##..#.###..# ###≈≈

Notes
Turn   | Place    | Note
--------------------------------------------------------------
     0 | D:1      | Ololoev, the Kobold Wanderer, began the quest for the Orb.
     0 | D:1      | Ololoev set off with: a +0 leather armour, 3 throwing nets, a +0 spear, a +0 short sword, a +0 dagger, a meat ration
     0 | D:1      | Reached XP level 1. HP: 12/12 MP: 1/1
   296 | D:1      | Reached XP level 2. HP: 17/17 MP: 2/2
   370 | D:1      | Reached skill level 1 in Throwing
   776 | D:1      | Reached XP level 3. HP: 21/21 MP: 3/3
  1256 | D:2      | Reached XP level 4. HP: 26/26 MP: 4/4
  1287 | D:2      | Found a sparkling altar of Nemelex Xobeh.
  1318 | D:2      | Found a burning altar of Makhleb.
  1338 | D:2      | Found a shadowy altar of Dithmenos.
  1491 | D:2      | Found a shimmering altar of Xom.
  1587 | D:2      | Reached skill level 5 in Short Blades
  1645 | D:2      | HP: 1/26 [gnoll/spear (4)]
  1646 | D:2      | Slain by a gnoll

Dungeon Overview and Level Annotations

Branches:
Dungeon (2/15)

Altars:
Dithmenos
Makhleb
Nemelex Xobeh
Xom


Message History

The gnoll is moderately wounded.
The gnoll hits you with a spear.
You are too injured to fight recklessly!
You are too injured to fight recklessly!
You are too injured to fight recklessly!
You are too injured to fight recklessly!
You are too injured to fight recklessly!
You are too injured to fight recklessly!
You are too injured to fight recklessly!
You barely miss the gnoll.
The gnoll is moderately wounded.
You hit the gnoll.
The gnoll is heavily wounded.
The gnoll hits you with a spear.
You hit the gnoll.
The gnoll is heavily wounded.
The gnoll misses you.
You hit the gnoll.
The gnoll is heavily wounded.
The gnoll hits you with a spear.
You hit the gnoll.
The gnoll is severely wounded.
You completely miss the gnoll.
The gnoll is severely wounded.
The gnoll barely misses you.
You hit the gnoll but do no damage.
The gnoll is severely wounded.
The gnoll closely misses you.
You hit the gnoll.
The gnoll is almost dead.
You hit the gnoll but do no damage.
The gnoll is almost dead.
The gnoll misses you.
You hit the gnoll but do no damage.
The gnoll is almost dead.
The gnoll hits you with a spear.
You hit the gnoll.
The gnoll is almost dead.
The gnoll hits you with a spear.
You die...

You could see a gnoll.

Vanquished Creatures
  2 adders (D:2)
  2 gnolls (D:2)
  2 oozes (D:1)
  A giant gecko (D:1)
  A giant cockroach (D:2)
  2 goblins (D:1)
  5 hobgoblins
  A ball python (D:1)
  6 bats
  3 giant newts (D:1)
  2 jackals (D:2)
  4 kobolds (D:1)
  4 rats
35 creatures vanquished.

Action                   |  1- 3 |  4- 6 || total
-------------------------+-------+-------++-------
Melee: Dagger            |   114 |    62 ||   176
 Stab: Sleeping          |     6 |     1 ||     7
  Eat: Chunk             |     9 |     2 ||    11

Vault maps used:
D:1:      dpeg_arrival_fog, minmay_misc_feat_iff, st_stairs_12
D:2:      nicolae_overflow_hidden_temple, lemuel_doored_altar,
          nicolae_dithmenos_shadow_blocks, nemelex_xobeh_ov_fountains_minmay,
          serial_curves, eino_curves_04, eino_curves_04, eino_curves_01,
          st_stairs_9, lemuel_another_geyser
